 Dungeon Crawl Stone Soup version 0.25-b1-46-gb8a1ec05df (webtiles) character file.

Game seed: 3737023458339291936

63 EcosseEcosse the Shield-Bearer (level 3, -1/33 HPs)
             Began as a Minotaur Fighter on June 11, 2020.
             Slain by a gnoll
             ... wielding a +1 spear of venom
              (4 damage)
             ... on level 2 of the Dungeon.
             The game lasted 00:01:49 (1029 turns).

EcosseEcosse the Shield-Bearer (Minotaur Fighter)   Turns: 1029, Time: 00:01:52

Health: -1/33      AC:  7    Str: 21    XL:     3   Next: 87%
Magic:  2/2        EV:  7    Int:  5    God:
Gold:   16         SH:  9    Dex:  9    Spells: 2/2 levels left

rFire    . . .     SeeInvis .   a - +0 war axe
rCold    . . .     Gourm    .   c - +0 kite shield
rNeg     . . .     Faith    .   b - +0 scale mail
rPois    .         Spirit   .   (helmet restricted)
rElec    .         Reflect  .   (no cloak)
rCorr    .         Harm     .   (no gloves)
MR       .....                  (no boots)
Stlth    ..........             (no amulet)
HPRegen  0.11/turn              (no ring)
MPRegen  0.08/turn              (no ring)

@: lethally poisoned (-1 -> -6)
A: retaliatory headbutt, horns 2
a: no special abilities


You were on level 2 of the Dungeon.
You were not hungry.

You visited 1 branch of the dungeon, and saw 2 of its levels.

You collected 16 gold pieces.

Inventory:

Hand Weapons
 a - a +0 war axe (weapon)
Armour
 b - a +0 scale mail (worn)
 c - a +0 kite shield (worn)
Scrolls
 e - a scroll of teleportation {unknown}
 i - 3 scrolls of remove curse {unknown}
 j - 2 scrolls of magic mapping {unknown}
 k - a scroll of amnesia {unknown}
 l - a scroll of random uselessness {unknown}
 m - a scroll of identify {unknown}
Potions
 d - a potion of might
 g - a potion of resistance {unknown}
 h - a potion of mutation {unknown}
 n - a potion of ambrosia {unknown}
 o - 2 potions of lignification {unknown}
Comestibles
 f - a ration


   Skills:
 + Level 3.9 Fighting
 + Level 3.7 Axes
 + Level 4.0 Armour
 + Level 4.5 Shields


You had 2 spell levels left.
You didn't know any spells.
Your spell library was empty.

Dungeon Overview and Level Annotations

Branches:
Dungeon (2/15)

Altars:
Zin


Innate Abilities, Weirdness & Mutations

You reflexively headbutt those who attack you in melee.
You have a pair of horns on your head.


Message History

The gnoll is heavily wounded.
The gnoll hits you from afar with a +1 spear of venom.
You are poisoned.
You block the gnoll's attack. x2
You closely miss the gnoll.
The gnoll is heavily wounded.
You feel sick. The gnoll hits you but does no damage.
You block the gnoll's attack. The gnoll barely misses you.
You block the gnoll's attack. x2
You closely miss the gnoll.
The gnoll is heavily wounded.
The gnoll completely misses you. The gnoll barely misses you.
The gnoll hits you but does no damage.
You closely miss the gnoll.
The gnoll is heavily wounded.
You feel sick. The gnoll barely misses you. You block the gnoll's attack.
The gnoll hits you from afar with a +0 spear!
* * * LOW HITPOINT WARNING * * *
The gnoll hits you from afar with a +1 spear of venom.
You die...

#...# #.........# #..# #.# #...#
#.........####..#####.##### #...#
#.......................... #...#
#........#.........g.......
#...###........#>.......g...gg...
#.........########.#.....##..####
..........# #.#.....##..#
#.################g#.....##..#
#.# #...........@gg......##..#
#.###.############g###'####..#
#.......#..# #.# ### #..#
#.....#.#..# ##+#.########..#
#.#........# #....##........#
#.#..)#.#.## #..).##........#
#.#...#.#.# #....##........#
#.#...#.#.# #....##........#
#.#...#.#.######'#.##..(.....#


You could see 4 gnolls.

Vanquished Creatures
  3 adders (D:2)
  An ooze (D:2)
  A worm (D:2)
  A dart slug (D:1)
  3 bats
  4 goblins
  2 hobgoblins
  4 jackals (D:1)
  2 ball pythons
  2 frilled lizards (D:2)
  2 kobolds
  3 rats
28 creatures vanquished.

Notes
Turn   | Place    | Note
-------+----------+-------------------------------------------
     0 | D:1      | EcosseEcosse the Minotaur Fighter began the quest for the
                  | Orb.
     0 | D:1      | Reached XP level 1. HP: 19/19 MP: 0/0
    35 | D:1      | Reached XP level 2. HP: 20/27 MP: 1/1
   571 | D:2      | Reached XP level 3. HP: 33/33 MP: 2/2
   996 | D:2      | Found a glowing silver altar of Zin.
  1029 | D:2      | Slain by a gnoll

Illustrated notes

Levels and vault maps discovered:
D:1:      heliophobic_arrival_glass_houses, layout_rooms
D:2:      layout_basic, overflow_temple_1_default, uniq_robin

Skill      XL: |  1  2 |
---------------+-------+-----
Shields        | 4 |  4.5
Armour         | 4 |  4.0
Axes           | 3 |  3.7
Fighting       | |  3.9

Action                   || total
-------------------------++-------
Melee: War axe           ||    64
       Headbutt          ||    10
Armor: Scale mail        ||    26
Dodge: Dodged            ||    21
Block: Kite shield       ||    42
